 Dungeon Crawl Stone Soup version 0.23.0-3-gf3c87f2 (webtiles) character file.

Game seed: 13809795164887597864

620 Kairos the Chopper (level 7, -7/36 HPs)
             Began as a Vine Stalker Fighter on Feb 24, 2019.
             Was a Follower of Okawaru.
             Mangled by a hornet (9 damage)
             ... on level 5 of the Dungeon.
             The game lasted 00:04:36 (3492 turns).

Kairos the Chopper (Vine Stalker Fighter)           Turns: 3492, Time: 00:04:37

Health: -7/36      AC: 12    Str: 20    XL:     7   Next: 46%
Magic:  0/8        EV:  7    Int:  8    God:    Okawaru [*.....]
Gold:   302        SH: 17    Dex: 14    Spells: 6/6 levels left

rFire    . . .     SeeInvis +   B - +4 trident of Cobwebs {vamp, +Blink}
rCold    . . .     Gourm    .   x - +0 large shield
rNeg     . . .     Faith    .   n - +0 chain mail
rPois    .         Spirit   +   (no helmet)
rElec    .         Reflect  .   (no cloak)
rCorr    .         Harm     .   u - +0 pair of gloves
MR       .....                  (no boots)
Stlth    +.........             (no amulet)
HPRegen  0.52/turn              h - ring of stealth (curse)
MPRegen  0.11/turn              p - ring of see invisible

@: lethally poisoned (-7 -> -10), heroism, slowed, studying Short Blades, very
slow
A: fangs 2, regeneration 1, magic shield, antimagic bite, no potion heal 3, rot
immunity
a: Heroism, Renounce Religion, Evoke Blink


You were on level 5 of the Dungeon.
You worshipped Okawaru.
Okawaru was aware of your devotion.
You were not hungry.

You visited 1 branch of the dungeon, and saw 5 of its levels.

You collected 302 gold pieces.

Inventory:

Hand Weapons
 a - a +0 war axe
 v - a +2 mace of holy wrath
 B - the +4 trident of Cobwebs (weapon) {vamp, +Blink}
   (You found it on level 4 of the Dungeon)

   It inflicts no extra harm, but heals its wielder when it wounds a living foe.
   It lets you blink.
Armour
 b - a +0 scale mail
 c - a +0 shield
 n - a +0 chain mail (worn)
 u - a +0 pair of gloves (worn)
 x - a +0 large shield (worn)
Jewellery
 h - a cursed ring of stealth (left hand)
 p - a ring of see invisible (right hand)
 C - an uncursed amulet of the gourmand {unknown}
Scrolls
 k - a scroll of fog {unknown}
 l - 6 scrolls of identify {unknown}
 m - 4 scrolls of teleportation {unknown}
 o - 3 scrolls of remove curse {unknown}
 q - 2 scrolls of immolation {unknown}
 r - 2 scrolls of enchant armour {unknown}
 y - a scroll of magic mapping {unknown}
Potions
 d - 3 potions of might
 e - a potion of ambrosia {unknown}
 g - 3 potions of brilliance {unknown}
 i - 4 potions of curing {unknown}
 j - 2 potions of heal wounds {unknown}
 s - 3 potions of agility {unknown}
 t - 2 potions of haste {unknown}
 w - 2 potions of mutation {unknown}
 z - 2 potions of flight {unknown}
 A - a potion of lignification {unknown}
Books
 D - a manual of Short Blades
Comestibles
 f - 4 rations


   Skills:
 + Level 3.3(8.3) Fighting
 + Level 5.1(10.1) Axes
 + Level 0.4(8.2) Polearms
 + Level 3.8(8.8) Armour
 + Level 0.4(5.4) Dodging
 + Level 0.1(5.1) Stealth
 + Level 4.2(9.2) Shields


You had 6 spell levels left.
You didn't know any spells.
Your spell library contained the following spells:

 Spells                   Type           Power        Failure   Level  Hunger
 Animate Skeleton         Necr           N/A          100%        1    ##.....
 Apportation              Tloc           #.....       100%        1    ##.....
 Confusing Touch          Hex            #.....       100%        1    ##.....
 Summon Small Mammal      Summ           #...         100%        1    ##.....


Dungeon Overview and Level Annotations

Branches:
Dungeon (5/15)
 Temple: D:4-7

Altars:
Dithmenos
Hepliaklqana
Kikubaaqudgha
Okawaru
Sif Muna
Xom


Innate Abilities, Weirdness & Mutations

You have extremely sharp teeth.
Your natural rate of healing is unusually fast.
When hurt, damage is shared between your health and your magic reserves.
Your bite disrupts and absorbs the magic of your enemies.
Potions cannot restore your health.
You are immune to rotting.


Message History

You hit the hornet. Your bite misses the hornet.
The hornet is heavily wounded.
You feel sick. You block the hornet's attack. You block the centaur's attack.
The hornet stings you but does no damage.
You block the centaur's attack.
Your shield and chain mail prevent you from hitting the hornet.
Your bite misses the hornet.
The hornet is heavily wounded.
You feel sick. You block the hornet's attack. You block the centaur's attack.
The hornet barely misses you. The centaur hits you.
You hit the hornet.
The hornet is heavily wounded.
The centaur hits you but does no damage.
The hornet stings you!
* * * LOW HITPOINT WARNING * * *
You are lethally poisoned!
You feel as though you will be slow longer.
You block the centaur's attack. You block the hornet's attack.
The hornet stings you!
You die...

..............#......#######...#.
.##..........####.............###
###...#....##.##..........#....
##.##...................#....
#..................##..#.
............######..#....
...........## ##.....#
...........# #..#.. ....[..c@..#
#..#.. ....##'y##.+ ... #8..8###
. #8....8 .#)...."# ..#[(...$#
...#8....8# ...##8..8##


You could see a hornet and a centaur.

Vanquished Creatures
  An ogre (D:4)
  A centaur (D:4)
  A howler monkey (D:4)
  2 hounds
  A jelly (D:5)
  2 orc wizards (D:5)
  Natasha (thrice) (D:2)
  3 worker ants (D:4)
  A hound zombie (D:5)
  2 adders
  2 worms
  4 leopard geckos
  12 orcs
  3 giant cockroaches
  3 goblins
  5 hobgoblins
  9 jackals
  3 ball pythons
  6 bats
  2 frilled lizards
  6 kobolds
  A quokka skeleton (D:5)
  10 rats
83 creatures vanquished.

Vanquished Creatures (others)
  A worker ant (D:4)
  A worm (D:4)
2 creatures vanquished.

Grand Total: 85 creatures vanquished

Notes
Turn   | Place    | Note
-------+----------+-------------------------------------------
     0 | D:1      | Kairos the Vine Stalker Fighter began the quest for the
                  | Orb.
     0 | D:1      | Reached XP level 1. HP: 11/11 MP: 2/2
   307 | D:1      | Reached XP level 2. HP: 16/16 MP: 3/3
   368 | D:1      | Reached skill level 2 in Axes
   779 | D:2      | Reached XP level 3. HP: 16/19 MP: 4/4
   811 | D:2      | Noticed Natasha
   822 | D:2      | Killed Natasha
  1118 | D:2      | Found an iron altar of Okawaru.
  1120 | D:2      | Found a deep blue altar of Sif Muna.
  1129 | D:2      | Found a hazy altar of Hepliaklqana.
  1137 | D:2      | Became a worshipper of Warmaster Okawaru
  1259 | D:2      | Gained mutation: Your natural rate of healing is unusually
                  | fast. [Vine Stalker growth]
  1259 | D:2      | Reached XP level 4. HP: 20/24 MP: 3/5
  1446 | D:2      | Noticed Natasha
  1461 | D:2      | Killed Natasha
  1461 | D:2      | Reached skill level 3 in Axes
  1725 | D:2      | Noticed Natasha
  1733 | D:2      | Killed Natasha
  1771 | D:3      | Reached XP level 5. HP: 28/28 MP: 6/6
  1982 | D:3      | Found a shadowy altar of Dithmenos.
  2207 | D:3      | Found an ancient bone altar of Kikubaaqudgha.
  2315 | D:4      | Noticed an ogre
  2326 | D:4      | Killed an ogre
  2326 | D:4      | Reached skill level 4 in Axes
  2326 | D:4      | Reached XP level 6. HP: 14/32 MP: 3/7
  2340 | D:4      | Found a shimmering altar of Xom.
  2353 | D:4      | Reached * piety under Okawaru
  2662 | D:4      | Got a slimy trident
  2914 | D:4      | Reached XP level 7. HP: 33/36 MP: 5/8
  2976 | D:4      | Identified the +4 trident of Cobwebs {vamp, +Blink} (You
                  | found it on level 4 of the Dungeon)
  3227 | D:5      | Entered Level 5 of the Dungeon
  3243 | D:5      | Reached skill level 5 in Axes
  3467 | D:5      | Found a large runed translucent door.
  3467 | D:5      | Found a large runed translucent door.
  3471 | D:5      | Noticed a hornet
  3481 | D:5      | Paralysed by a hornet for 2 turns
  3486 | D:5      | Paralysed by a hornet for 3 turns
  3492 | D:5      | Mangled by a hornet

Skill      XL: |  1  2  3  4  5  6  7 |
---------------+----------------------+-----
Axes           | 2 3 4 5 |  5.1
Shields        | 3 4 |  4.2
Fighting       | 3 |  3.3
Armour         | 3 |  3.8
Polearms       | |  0.4
Dodging        | |  0.4
Stealth        | |  0.1

Action                   |  1- 3 |  4- 6 |  7- 9 || total
-------------------------+-------+-------+-------++-------
Melee: War axe           |    86 |   130 |       ||   216
       Bite              |    18 |    35 |    10 ||    63
       Trident           |       |       |    51 ||    51
Invok: Heroism           |       |       |     2 ||     2
  Use: Potion            |       |     1 |       ||     1
  Eat: Chunk             |     1 |     5 |       ||     6
       Ration            |       |       |     2 ||     2
Armor: Scale mail        |     1 |       |       ||     1
       Chain mail        |    51 |    81 |    29 ||   161
Dodge: Dodged            |    23 |    21 |     6 ||    50
Block: Shield            |    50 |    37 |       ||    87
       Large shield      |       |    83 |    50 ||   133
